 Dungeon Crawl Stone Soup version 0.30-a0-1114-gd936c97349 (webtiles) character file.

Game seed: 9749291081551982826

147 IdlyInterested the Trooper (level 5, -10/43 HPs)
             Began as a Demonspawn Fighter on Apr 20, 2023.
             Killed by divine providence
             ... invoked by an orc priest
              (16 damage)
             ... on level 3 of the Dungeon.
             The game lasted 00:05:24 (1678 turns).

IdlyInterested the Trooper (Demonspawn Fighter)     Turns: 1678, Time: 00:05:25

Health: -10/43     AC:  6    Str: 19    XL:     5   Next: 8%
Magic:  5/5        EV:  9    Int:  9    God:
Gold:   200        SH:  4    Dex: 12    Spells: 4/4 levels left

rFire   . . .      SeeInvis .    a - +0 war axe
rCold   . . .      Faith    .    c - +0 buckler
rNeg    . . .      Spirit   .    b - +0 scale mail
rPois   .          Reflect  .    (no helmet)
rElec   .          Rampage  .    w - scarf {harm}
rCorr   +          Harm     + .  (no gloves)
Will    .....                    (no boots) Stlth
                                 (no amulet)
HPRegen 0.27/turn                f - ring of resist corrosion
MPRegen 0.09/turn                (no ring)

@: no status effects
A: claws 1, spiny 2
a: no special abilities


You were on level 3 of the Dungeon.
You visited 1 branch of the dungeon, and saw 3 of its levels.

You collected 200 gold pieces.

Inventory:

Hand Weapons
 a - a +0 war axe (weapon)
 r - a +0 dagger of venom
 t - a +0 rapier
 u - a +0 dire flail
 v - a +0 hand axe
Missiles
 h - 15 stones (quivered)
Armour
 b - a +0 scale mail (worn)
 c - a +0 buckler (worn)
 i - a scarf of invisibility
 w - a scarf of harm (worn)
Magical Staves
 g - a staff of cold
Jewellery
 f - a ring of resist corrosion (left claw)
Scrolls
 j - 4 scrolls of identify {unknown}
 k - a scroll of enchant weapon {unknown}
 l - 7 scrolls of teleportation {unknown}
 m - 3 scrolls of blinking {unknown}
 p - 2 scrolls of noise {unknown}
 x - a scroll of torment {unknown}
 y - a scroll of poison {unknown}
Potions
 d - 4 potions of might
 e - a potion of lignification {unknown}
 n - a potion of degeneration {unknown}
 o - a potion of brilliance {unknown}
 q - a potion of experience {unknown}
 s - a potion of haste {unknown}
 z - 2 potions of curing {unknown}


   Skills:
 * Level 4.6 Fighting
 - Level 2.0 Axes
 - Level 1.0 Throwing
 - Level 2.6 Armour
 + Level 1.7 Dodging
 - Level 1.0 Stealth
 - Level 2.6 Shields
 - Level 1.0 Evocations


You had 4 spell levels left.
You didn't know any spells.
Your spell library contained the following spells:

 Spells                   Type           Power      Damage    Failure   Level
 Apportation              Tloc           0%         N/A       86%         1
 Necrotise                Necr           0%         1d4       86%         1
 Summon Small Mammal      Summ           0%         N/A       86%         1
 Vhi's Electric Charge    Tloc/Air       0%         N/A       99%         3
 Arcjolt                  Conj/Air       0%         1d10      100%        5
 Plasma Beam              Fire/Air       0%         2x1d11    100%        6


Dungeon Overview and Level Annotations

Branches:
Dungeon (3/15)

Altars:
Vehumet

Shops:
D:1 [


Innate Abilities, Weirdness & Mutations

You have sharp fingernails.
You are mostly covered in sharp spines.


Message History

An orc comes into view. It is wielding a +0 mace.
The orc priest moves out of view.
Things that are here:
a +0 mace; a +0 ring mail; an orc corpse
Things that are here:
a +0 flail; a +0 leather armour You feel less confused.
You closely miss the orc.
The orc priest mumbles some strange prayers to Beogh against you.
Beogh smites you!
You hit the orc.
The orc is moderately wounded.
You block the orc's attack.
You hit the orc wizard.
The orc wizard is moderately wounded.
You barely miss the orc. You block the orc wizard's attack.
The orc is struck by your spines.
You kill the orc!
The orc hits you with a +0 flail.
The orc wizard is struck by your spines.
The orc wizard hits you but does no damage.
The orc priest invokes the aid of Beogh against you.
Beogh smites you!
You barely miss the orc wizard.
The orc wizard is heavily wounded.
You hit the orc but do no damage.
The orc wizard points at you and mumbles some strange words.
The puff of flame hits you!
* * * LOW HITPOINT WARNING * * *
You block the orc's attack.
You closely miss the orc wizard.
The orc wizard is heavily wounded.
You closely miss the orc. You hit the giant cockroach.
The orc hits you with a +0 flail.
* * * LOW HITPOINT WARNING * * *
The giant cockroach barely misses you. The orc misses you.
The orc wizard barely misses you.
The orc priest mumbles some strange prayers to Beogh against you.
Beogh smites you!
You die...

#[#
#..........#
#.#
##########.#
#.# #.# #.#
#.# #. #.#
#.# ##...
#.# #.##...#
... #....#
##..###
###@o###
#.o)B?.#
#.#o.#.#
........o#.#
#####.##.# #
#. #o# . ..#
.. ... ..
...


You could see an orc priest, an orc wizard, 3 orcs and a giant cockroach.

Vanquished Creatures
  An orc wizard (D:3)
  4 adders
  An ufetubus (D:2)
  2 worms (D:3)
  A dart slug (D:1)
  5 orcs (D:3)
  7 endoplasms
  6 giant cockroaches
  7 goblins
  8 hobgoblins
  2 quokkas
  4 ball pythons
  4 bats
  4 frilled lizards
  6 kobolds
  4 rats
66 creatures vanquished.

Notes
Turn   | Place    | Note
-------+----------+-------------------------------------------
     0 | D:1      | IdlyInterested the Demonspawn Fighter began the quest for
                  | the Orb.
     0 | D:1      | Reached XP level 1. HP: 18/18 MP: 1/1
    55 | D:1      | Reached skill level 1 in Dodging
    95 | D:1      | Gained mutation: You have sharp fingernails. [demonic
                  | ancestry]
    95 | D:1      | Reached XP level 2. HP: 23/24 MP: 2/2
   212 | D:1      | Found Gimomurph's Armour Shoppe.
   239 | D:1      | Reached skill level 1 in Stealth
   298 | D:1      | Reached skill level 1 in Evocations
   470 | D:1      | Gained mutation: You are partially covered in sharp spines.
                  | [demonic ancestry]
   470 | D:1      | Reached XP level 3. HP: 29/29 MP: 3/3
   790 | D:2      | Reached skill level 1 in Throwing
   970 | D:2      | Reached skill level 4 in Fighting
   970 | D:2      | Gained mutation: You are mostly covered in sharp spines.
                  | [demonic ancestry]
   970 | D:2      | Reached XP level 4. HP: 36/37 MP: 4/4
  1499 | D:3      | Found a radiant altar of Vehumet.
  1665 | D:3      | Reached XP level 5. HP: 43/43 MP: 5/5
  1678 | D:3      | Killed from afar by an orc priest

Illustrated notes

Levels and vault maps discovered:
D:1:      saegor_arrival_simple_b, layout_loops_ring, serial_shops, shop,
          chequers_arboretum, minmay_misc_feat_enclosed
D:2:      layout_basic, minmay_misc_feat_secret_circle, minmay_heptomino_h4
D:3:      layout_basic, mainiacjoe_overflow_surrounded_room

Skill      XL: |  1  2  3 |
---------------+----------+-----
Dodging        | 1 |  1.7
Stealth        | 1 |  1.0
Evocations     | 1 |  1.0
Throwing       | 1 |  1.0
Axes           | 2 |  2.0
Fighting       | 4 |  4.6
Armour         | |  2.6
Shields        | |  2.6

Action                     |  1- 3 |  4- 6 || total
---------------------------+-------+-------++-------
  Melee: War axe           |    77 |    33 ||   110
 Armour: Scale mail        |    47 |    10 ||    57
  Dodge: Dodged            |    47 |    13 ||    60
  Block: Buckler           |    21 |    11 ||    32

Table legend: (Time is in decaauts)
 A = Elapsed time spent in this place.
 B = Non-inter-level travel time spent in this place.
 C = Inter-level travel time spent in this place.
 D = Time resting spent in this place.
 E = Time spent auto-exploring this place.
 F = Levels seen in this place.
 G = Mean time per level.
                   A        B        C        D        E       F      G
               +--------+--------+--------+--------+--------+-----+--------+
         Total |   1727 |   1635 |     92 |     57 |   1053 |   3 |  575.7 |
       Dungeon |   1727 |   1635 |     92 |     57 |   1053 |   3 |  575.7 |
               +--------+--------+--------+--------+--------+-----+--------+

Top non-repeatable levels by time:
     D:1: 718 daAuts
     D:2: 693 daAuts
     D:3: 315 daAuts
